 Dungeon Crawl Stone Soup version 0.30.1-3-gfc49f6343a (webtiles) character file.

Game seed: 18392866915753814349

3709 growler the Grappler (level 9, -1/71 (77) HPs)
             Began as a Demonspawn Gladiator on July 20, 2023.
             Was an Initiate of Gozag.
             Slain by an orc warrior
             ... wielding a +0 glaive
              (4 damage)
             ... in a bailey on July 22, 2023.
             The game lasted 00:27:45 (7771 turns).

growler the Grappler (Demonspawn Gladiator)         Turns: 7771, Time: 00:27:46

HP:   -1/71 (77)    AC: 14    Str: 19    XL:     9   Next: 91%
MP:   0/18          EV: 11    Int: 10    God:    Gozag
Gold: 531           SH:  0    Dex: 14    Spells: 8/8 levels left

rFire   + .          .
                       - Unarmed
rCold   . . .        (no shield)
rNeg    . . .        q - +1 ring mail {rF+}
rPois   .            c - +0 helmet
rElec   .            p - +0 cloak
rCorr   .            (no gloves)
SInv    .            (no boots)
Will    .....        h - amulet of guardian spirit
Stlth   +            A - ring of magical power
HPRegen 0.31/turn    (no ring)
MPRegen 0.32/turn

%: guardian spirit
@: sanguine armoured, hasted, drained, very quick
A: claws 2, demonic guardian 1, magic regeneration, sanguine armour 1
a: Renounce Religion, Potion Petition, Call Merchant, Bribe Branch


You were in a bailey.
You worshipped Gozag.
Gozag was pleased with you.
You visited 2 branches of the dungeon, and saw 8 of its levels.
You also visited: Bailey.

You collected 654 gold pieces.
You paid 123 gold pieces to Gozag.

Inventory:

Hand Weapons
 a - a +0 war axe
Missiles
 d - 4 throwing nets (quivered)
 e - 7 javelins
Armour
 b - a +0 leather armour
 c - a +0 helmet (worn)
 p - a +0 cloak (worn)
 q - a +1 ring mail of fire resistance (worn)
Jewellery
 h - an amulet of guardian spirit (around neck)
 k - an amulet of the acrobat
 l - a ring of protection from fire
 A - a ring of magical power (left claw)
Wands
 B - a wand of flame (15)
 D - a wand of paralysis (11)
Scrolls
 f - 5 scrolls of poison
 g - 11 scrolls of identify {unknown}
 j - a scroll of torment {unknown}
 n - 2 scrolls of blinking {unknown}
 r - 2 scrolls of noise {unknown}
 s - 2 scrolls of magic mapping {unknown}
 u - a scroll of summoning {unknown}
 v - 2 scrolls of enchant weapon {unknown}
 w - 2 scrolls of brand weapon {unknown}
 x - a scroll of vulnerability {unknown}
 y - a scroll of amnesia {unknown}
 C - 4 scrolls of teleportation {unknown}
 E - 3 scrolls of fog {unknown}
Potions
 i - 2 potions of ambrosia {unknown}
 m - 4 potions of curing
 o - 5 potions of attraction
 t - 2 potions of heal wounds {unknown}
 z - 2 potions of brilliance {unknown}
 F - 2 potions of haste
 G - a potion of mutation {unknown}
 H - a potion of cancellation {unknown}
 I - a potion of might {unknown}


   Skills:
 + Level 9.4 Fighting
 - Level 3.3 Axes
 - Level 1.7 Throwing
 - Level 2.6 Dodging
 * Level 9.8 Unarmed Combat


You had 8 spell levels left.
You didn't know any spells.
Your spell library contained the following spells:

 Spells                   Type           Power      Damage    Failure   Level
 Freeze                   Ice            0%         1d3       54%         1
 Poisonous Vapours        Pois/Air       0%         N/A       69%         2
 Frozen Ramparts          Ice            0%         1d1       89%         3
 Hailstorm                Conj/Ice       0%         3d3       89%         3
 Mephitic Cloud           Conj/Pois/Air  0%         N/A       89%         3
 Vhi's Electric Charge    Tloc/Air       0%         N/A       89%         3
 Arcjolt                  Conj/Air       0%         1d10      100%        5
 Freezing Cloud           Conj/Ice/Air   0%         6-21      100%        5
 Plasma Beam              Fire/Air       0%         2x1d11    100%        6


Dungeon Overview and Level Annotations

Branches:
Dungeon (7/15)             Temple (1/1) D:6          Bailey (1/1)

Altars:
Ashenzari
Cheibriados
Fedhas
Gozag
Hepliaklqana
Kikubaaqudgha
Makhleb
Nemelex Xobeh
Okawaru
Ru
Sif Muna
Vehumet
Wu Jian
Xom
Yredelemnul


Innate Abilities, Weirdness & Mutations

You have very sharp fingernails.
A weak demonic guardian rushes to your aid.
You regenerate magic rapidly.
When seriously injured, your blood forms armour. (AC +6)


Message History

The orc warrior shouts!
You hear a shout!
An orc warrior comes into view. It is wielding a +0 glaive.
Aiming: Paralyse
Press: ? - help, Shift-Dir - straight line, f - orc warrior
Aim: an orc warrior, wielding a +0 glaive and wearing a +0 ring mail (chance to affect: 49%)
The orc warrior resists with some effort.
The orc warrior hits you from afar with a +0 glaive!
* * * LOW HITPOINT WARNING * * *
A demonic guardian appears!
Aiming: Paralyse
Press: ? - help, Shift-Dir - straight line, f/p - orc warrior
Aim: an orc warrior, wielding a +0 glaive and wearing a +0 ring mail (ally target, chance to affect: 49%)
The orc warrior suddenly stops moving!
Your white imp gestures at the orc warrior.
The puff of frost hits the orc warrior!
Something unseen breaks down the gate.
Your white imp hits the orc warrior but does no damage.
An orc knight comes into view. It is wielding a +0 halberd.
The orc knight shouts!
The orc warrior closely misses you.
The orc knight roars a battlecry!
The orc warrior goes into a battle-frenzy!
Your white imp hits the orc warrior.
Your white imp freezes the orc warrior.
You hear a shout!
An orc knight comes into view. It is wielding a +0 halberd.
The orc warrior hits you from afar with a +0 glaive!
* * * LOW HITPOINT WARNING * * *
Your white imp hits the orc warrior but does no damage.
Unknown command.
You feel yourself speed up.
The orc knight roars a battlecry!
The orc knight goes into a battle-frenzy!
The orc warrior hits you from afar with a +0 glaive.
* * * LOW HITPOINT WARNING * * *
Your white imp gestures at the orc warrior.
The puff of frost hits the orc warrior!
Your white imp hits the orc warrior but does no damage.
The orc warrior hits you from afar with a +0 glaive.
You die...
Your body crumbles into a pile of gold.

### ####### #######
...###.....#########.....#
....'.......#.....#.......
....'....#..'.....'...##..
.o..'....o..'...$.'....8..
...o'.oo.#..'.$$..$.oo##..
....'.5.....#.....#.......
...###...@.#########...$.#
# ####### #######


You could see an orc knight (strong), 2 orc warriors and a friendly white imp
(summoned).

Vanquished Creatures
  Pikel (D:4)
  Grinder (D:3)
  Prince Ribbit (D:6)
  Sigmund (D:6)
  A water moccasin (D:6)
  6 orc warriors
  2 black bears
  An ogre (D:7)
  3 lemures (D:4)
  2 kobold brigands
  2 bullfrogs
  A gnoll sergeant (D:4)
  A scorpion (D:5)
  3 wights (D:7)
  Crazy Yiuf (D:4)
  2 orc priests (D:5)
  2 hounds
  2 gnoll boudas
  2 iguanas
  3 jellies
  4 orc wizards
  Jessica (D:2)
  Terence (D:3)
  2 sleepcaps
  Natasha (D:2)
  33 gnolls
  9 adders
  2 white imps (D:6)
  An ufetubus (D:5)
  4 worms
  2 dart slugs (D:2)
  41 orcs
  3 ball pythons (D:1)
  2 endoplasms (D:1)
  3 giant cockroaches
  8 goblins
  6 hobgoblins
  21 jackals
  6 quokkas
  4 bats
  A frilled lizard (D:1)
  18 kobolds
  5 rats
216 creatures vanquished.

Vanquished Creatures (collateral kills)
  A sleepcap (D:6)
  An orc (Bailey)
  2 kobolds (D:7)
4 creatures vanquished.

Grand Total: 220 creatures vanquished

Notes
Turn   | Place    | Note
-------+----------+-------------------------------------------
     0 | D:1      | growler the Demonspawn Gladiator began the quest for the
                  | Orb.
     0 | D:1      | Reached XP level 1. HP: 16/16 MP: 1/1
   158 | D:1      | Gained mutation: You regenerate magic rapidly. [demonic
                  | ancestry]
   158 | D:1      | Reached XP level 2. HP: 23/23 MP: 2/2
  1037 | D:2      | Gained mutation: You have sharp fingernails. [demonic
                  | ancestry]
  1037 | D:2      | Reached XP level 3. HP: 25/28 MP: 3/3
  1108 | D:2      | Found a sacrificial altar of Ru.
  1109 | D:2      | Noticed Jessica
  1132 | D:2      | Killed Jessica
  1133 | D:2      | Reached skill level 1 in Unarmed Combat
  1133 | D:2      | Gained mutation: You have very sharp fingernails. [demonic
                  | ancestry]
  1133 | D:2      | Reached XP level 4. HP: 34/35 MP: 4/4
  1526 | D:2      | Noticed Natasha
  1533 | D:2      | Killed Natasha
  1748 | D:3      | Found a snail-covered altar of Cheibriados.
  1834 | D:3      | Found an ancient bone altar of Kikubaaqudgha.
  1863 | D:3      | Noticed Terence
  1878 | D:3      | Killed Terence
  1879 | D:3      | Gained mutation: When seriously injured, your blood forms
                  | armour. (AC +6) [demonic ancestry]
  1879 | D:3      | Reached XP level 5. HP: 19/42 MP: 5/5
  2017 | D:3      | Found a shimmering blue altar of Sif Muna.
  2017 | D:3      | Noticed Grinder
  2034 | D:3      | Killed Grinder
  2035 | D:3      | Reached skill level 5 in Fighting
  2035 | D:3      | Reached XP level 6. HP: 12/51 MP: 6/6
  2598 | D:3      | Found a sacrificial altar of Ru.
  2609 | D:3      | Found a sparkling altar of Nemelex Xobeh.
  2947 | D:4      | Found a basalt altar of Yredelemnul.
  2957 | D:4      | Noticed Pikel
  3217 | D:4      | Killed Pikel
  3218 | D:4      | Reached skill level 5 in Unarmed Combat
  3218 | D:4      | Reached XP level 7. HP: 16/59 MP: 7/7
  3404 | D:4      | Reached XP level 8. HP: 52/65 MP: 8/8
  3821 | D:4      | Found a runed translucent door.
  3822 | D:4      | Noticed Crazy Yiuf
  3835 | D:4      | Killed Crazy Yiuf
  3950 | D:5      | Entered Level 5 of the Dungeon
  5230 | D:5      | Found a broken altar of Ashenzari.
  5490 | D:6      | Identified the +4 mace "Pumem" {antimagic, Will+ Int-4
                  | Dex+2}
  5544 | D:6      | Found a shimmering altar of Xom.
  5556 | D:6      | Gained mutation: A weak demonic guardian rushes to your
                  | aid. [demonic ancestry]
  5556 | D:6      | Reached XP level 9. HP: 63/74 MP: 9/9
  6101 | D:6      | Noticed Sigmund
  6110 | D:6      | Killed Sigmund
  6222 | D:6      | Noticed Prince Ribbit
  6253 | D:6      | Killed Prince Ribbit
  6439 | D:6      | Found an ornate altar of the Wu Jian Council.
  6442 | D:6      | Found a radiant altar of Vehumet.
  6747 | D:6      | Found a staircase to the Ecumenical Temple.
  6757 | Temple   | Entered the Ecumenical Temple
  6775 | Temple   | Became a worshipper of Gozag Ym Sagoz the Greedy
  7250 | D:7      | Found a flagged portal.
  7293 | Bailey   | Entered a bailey
  7652 | Bailey   | Noticed an orc knight
  7767 | Bailey   | Noticed an orc knight
  7768 | Bailey   | Noticed an orc knight
  7769 | Bailey   | HP: 3/71 [orc warrior/+0 glaive (3)]
  7771 | Bailey   | Slain by an orc warrior

Illustrated notes

Levels and vault maps discovered:
D:1:      roderic_chinese_lattice_arrival, layout_basic,
          hangedman_decor_clover_reticule
D:2:      layout_basic, basic_altar, corexii_hall_statues_x, uniq_jessica,
          uniq_natasha
D:3:      layout_basic, led_sif_book, cheibriados_altar_1,
          mainiacjoe_overflow_cross_hatched, amethyst_overflow_temple_binary,
          dk_noncrumbling_2, uniq_grinder, uniq_terence
D:4:      layout_loops_ring, mainiacjoe_overflow_chevrons,
          uniq_crazy_yiuf_cottage, uniq_pikel
D:5:      lemuel_castle_with_subvaults [lemuel_castle_interior_carwin_1],
          layout_cave_pools, mainiacjoe_overflow_catwalk, nrook_uturn
D:6:      layout_basic, amcnicky_altar_gilded, nicolae_overflow_squiral,
          temple_hall, uniq_prince_ribbit1, uniq_sigmund
D:7:      layout_rooms, enter_bailey_2
Temple:   hellmonk_temple_rainy
Bailey:   bailey_polearm_5, bailey

Skill      XL: |  1  2  3  4  5  6  7  8  9 |
---------------+----------------------------+-----
Axes           | 3 |  3.3
Fighting       | 3 4 5 6 8 9 |  9.4
Unarmed Combat | 1 2 3 5 7 9 |  9.8
Throwing       | |  1.7
Dodging        | |  2.6

Action                     |  1- 3 |  4- 6 |  7- 9 || total
---------------------------+-------+-------+-------++-------
  Melee: War axe           |    86 |    62 |       ||   148
         Punch             |     1 |     4 |    25 ||    30
         Unarmed           |       |    96 |   456 ||   552
  Throw: Throwing net      |       |       |     1 ||     1
  Evoke: Wand              |       |       |     4 ||     4
    Use: Potion            |       |     2 |     5 ||     7
         Scroll            |       |       |     1 ||     1
   Stab: Sleeping          |     1 |     1 |       ||     2
         Paralysed         |       |       |     5 ||     5
         Held in net/web   |       |       |     3 ||     3
 Armour: Leather armour    |    33 |    10 |       ||    43
         Ring mail         |       |    42 |   213 ||   255
  Dodge: Dodged            |    76 |    66 |   314 ||   456
